 Dungeon Crawl Stone Soup version 0.31-a0-726-g3c93526463 (webtiles) character file.

Game seed: 3387848316827474143

162 Ijustatesigmund the Magician (level 5, -1/29 HPs)
             Began as a Deep Elf Fire Elementalist on Sept 11, 2023.
             Killed by nerve-wracking pain
             ... invoked by a shadow imp
              (8 damage)
             ... on level 3 of the Dungeon.
             The game lasted 00:05:56 (2972 turns).

Ijustatesigmund the Magician (DEFE)                 Turns: 2972, Time: 00:05:59

Health: -1/29      AC:  4    Str:  5    XL:     5   Next: 19%
Magic:  0/13       EV: 12    Int: 22    God:
Gold:   165        SH:  0    Dex: 15    Spells: 5/12 levels left

rFire   . . .        i - +0 sling
rCold   + . .        (no shield)
rNeg    . . .        a - +0 robe
rPois   .            l - +1 helmet
rElec   .            (no cloak)
rCorr   .            (no gloves)
SInv    .            (no boots)
Will    .....        (no amulet)
Stlth   ++           c - ring of protection from cold
HPRegen 0.24/turn    (no ring)
MPRegen 0.13/turn

%: no passive effects
@: on berserk cooldown
A: no striking features
a: no special abilities


You were on level 3 of the Dungeon.
You visited 1 branch of the dungeon, and saw 3 of its levels.

You collected 165 gold pieces.

Inventory:

Hand Weapons
 f - a +0 short sword
 i - a +0 sling (weapon)
Armour
 a - a +0 robe (worn)
 l - a +1 helmet (worn)
 m - a +0 buckler
Jewellery
 c - a ring of protection from cold (left hand)
 j - an amulet of reflection
Scrolls
 b - a scroll of fog
 n - a scroll of identify {unknown}
Potions
 d - a potion of lignification
 e - a potion of haste
 k - a potion of invisibility {unknown}


   Skills:
 + Level 1.6 Fighting
 + Level 2.0 Ranged Weapons
 - Level 2.4 Dodging
 - Level 2.4 Stealth
 + Level 4.3 Spellcasting
 + Level 2.7 Conjurations
 + Level 4.2 Fire Magic


You had 5 spell levels left.
You knew the following spells:

 Your Spells              Type           Power      Damage    Failure   Level
a - Foxfire               Conj/Fire      76%        2x1d7     2%          1
b - Scorch                Fire           46%        2d6       3%          2
c - Flame Wave            Conj/Fire      19%        2d7       26%         4

Your spell library contained the following spells:

 Spells                   Type           Power      Damage    Failure   Level
 Magic Dart               Conj           64%        1d6       3%          1
 Searing Ray              Conj           32%        2d5       5%          2
 Slow                     Hex            16%        N/A       11%         1
 Inner Flame              Hex/Fire       14%        N/A       14%         3
 Volatile Blastmotes      Fire/Tloc      28%        2d12      14%         3
 Confusing Touch          Hex            4%         N/A       32%         3
 Sigil of Binding         Hex            4%         N/A       32%         3
 Vampiric Draining        Necr           4%         2d6       32%         3
 Fulminant Prism          Conj/Hex       5%         3d6       52%         4


Dungeon Overview and Level Annotations

Branches:
Dungeon (3/15)

Altars:
Elyvilon


Message History

You are too berserk!
You are too berserk!
You cannot move.
You cannot move.
You cannot move.
You are too berserk!
You are too berserk!
You feel a strong urge to attack something.
Something hits you but does no damage.
You feel your anger nearly subside.
You cannot move.
You cannot move.
You cannot move.
You cannot move.
You cannot move.
You cannot move.
You cannot move.
You cannot move.
You cannot move.
You are no longer berserk.
You are exhausted.
You feel yourself slow down.
You hear some strange, mumbled words.
You are confused.
Something hits you but does no damage.
Your magical effects are unravelling.
You feel magically purged.
Your magical contamination has completely faded away.
You feel less wooden.
Your +1 helmet unmelds from your body.
Your +0 robe unmelds from your body.
You feel yourself speed up.
You feel yourself slow down.
You feel less confused.
Casting: Flame Wave (extremely dangerous; 26% risk of failure)
Confirm with . or Enter, or press ? or * to list all spells.
Flames lash something.
Reactivating autopickup.
You feel a bit more experienced. The shadow imp gestures at you.
Pain shoots through your body!
You die...

########################
...#............@.)5....
.....##################.
)..### ...##### .......#
...(...### .........#
.......#.##
...#..#)..#####


You could see a shadow imp.

Vanquished Creatures
  Sigmund (D:3)
  Terence (D:2)
  Robin (D:2)
  3 gnolls (D:3)
  2 adders (D:2)
  2 dart slugs
  6 endoplasms
  2 giant cockroaches
  17 goblins
  11 hobgoblins
  3 jackals (D:3)
  2 kobolds (D:1)
  A quokka (D:1)
  6 ball pythons
  6 bats
  3 frilled lizards
  3 rats
70 creatures vanquished.

Vanquished Creatures (others)
  72 foxfires
72 creatures vanquished.

Grand Total: 142 creatures vanquished

Notes
Turn   | Place    | Note
-------+----------+-------------------------------------------
     0 | D:1      | Ijustatesigmund the Deep Elf Fire Elementalist began the
                  | quest for the Orb.
     0 | D:1      | Reached XP level 1. HP: 10/10 MP: 6/6
    41 | D:1      | Found a faded altar of an unknown god.
   217 | D:1      | Reached XP level 2. HP: 12/16 MP: 4/8
   444 | D:1      | Learned a level 2 spell: Scorch
   995 | D:2      | Reached XP level 3. HP: 15/20 MP: 8/10
  1157 | D:2      | Reached skill level 1 in Fighting
  1268 | D:2      | Noticed Terence
  1280 | D:2      | Killed Terence
  1281 | D:2      | Reached skill level 1 in Ranged Weapons
  1281 | D:2      | Reached XP level 4. HP: 17/25 MP: 8/11
  1584 | D:3      | Learned a level 4 spell: Flame Wave
  1965 | D:2      | Noticed Robin
  2205 | D:2      | Killed Robin
  2692 | D:3      | Found a white marble altar of Elyvilon.
  2784 | D:3      | Reached XP level 5. HP: 29/29 MP: 10/13
  2951 | D:3      | Noticed Sigmund
  2972 | D:3      | Killed Sigmund
  2972 | D:3      | Killed from afar by a shadow imp

Illustrated notes

Levels and vault maps discovered:
D:1:      minmay_arrival_loop, layout_rooms, shapermc_ecumenical_altar_venn
D:2:      layout_basic, uniq_robin, uniq_terence
D:3:      layout_basic, lemuel_doored_altar, mainiacjoe_overflow_big_doors,
          gammafunk_ghost_abyssal_escape, uniq_sigmund, uniq_jessica, uniq_ijyb

Skill      XL: |  1  2  3  4  5 |
---------------+----------------+-----
Conjurations   | 2 |  2.7
Fighting       | 1 |  1.6
Ranged Weapons | 1 2 |  2.0
Spellcasting   | 4 |  4.3
Fire Magic     | 4 |  4.2
Dodging        | |  2.4
Stealth        | |  2.4

Action                     |  1- 3 |  4- 6 || total
---------------------------+-------+-------++-------
  Melee: Unarmed           |     1 |       ||     1
         Short sword       |     2 |       ||     2
   Fire: Sling             |     9 |    52 ||    61
   Cast: Foxfire           |    42 |     4 ||    46
         Scorch            |    14 |    35 ||    49
         Flame Wave        |       |     1 ||     1
    Use: Scroll            |     3 |       ||     3
         Potion            |     1 |     5 ||     6
   Stab: Sleeping          |     1 |       ||     1
 Armour: Robe              |    12 |    31 ||    43
         Skin              |       |     3 ||     3
  Dodge: Dodged            |    12 |    33 ||    45

Table legend: (Time is in decaauts)
 A = Elapsed time spent in this place.
 B = Non-inter-level travel time spent in this place.
 C = Inter-level travel time spent in this place.
 D = Time resting spent in this place.
 E = Time spent auto-exploring this place.
 F = Levels seen in this place.
 G = Mean time per level.
                   A        B        C        D        E       F      G
               +--------+--------+--------+--------+--------+-----+--------+
         Total |   2990 |   2865 |    125 |    714 |   1669 |   3 |  996.7 |
       Dungeon |   2990 |   2865 |    125 |    714 |   1669 |   3 |  996.7 |
               +--------+--------+--------+--------+--------+-----+--------+

Top non-repeatable levels by time:
     D:2: 1372 daAuts
     D:1: 1089 daAuts
     D:3: 528 daAuts
